cohdb
Replays
Latest Replays
All Replays
Popular Replays
Top Player Replays
Match Explorer
How It Works
Community
CoH3 Stats
Reddit
Sign in to upload your games and track your stats! →
Sign in with Steam
Match 43205427
Unlisted
Match 43205427
Overview
Messages
Build Orders
End
Construct Barracks
1⁄4-ton 4x4 Truck
Selects Armored Battlegroup
Selects Veteran Crews
Riflemen Squad
Riflemen Squad
M1 Mortar Team
Riflemen Squad
Air Support Center
Construct Medical Station
Construct Motor Pool
Selects M31 Recovery Vehicle
Selects Strength in Steel
M8 Greyhound Armored Car
Riflemen Squad
Engineer Squad
M31 Recovery Vehicle
M1 Anti-tank Gun Team
Selects War Machine
Riflemen Squad
El Hobo Magnifico
我爱吃肯德基
狼哥
老木的春天
Mallis
Vandron
PanzerHUNd
lplp4943718
0
0
Comments
sign in to comment!
No comments posted yet!